 Dungeon Crawl Stone Soup version 0.31.0-32-g396128a36d (webtiles) character file.

Game seed: 13762230982562290032

59 PaiMei the Grave Robber (level 3, -4/26 HPs)
             Began as a Demonspawn Necromancer on Apr 24, 2024.
             Slain by a gnoll bouda
             ... wielding a +0 whip
              (8 damage)
             ... on level 2 of the Dungeon.
             The game lasted 00:02:23 (1971 turns).

PaiMei the Grave Robber (Demonspawn Necromancer)    Turns: 1971, Time: 00:02:24

Health: -4/26      AC:  3    Str:  8    XL:     3   Next: 78%
Magic:  2/6        EV: 12    Int: 17    God:
Gold:   106        SH:  0    Dex: 13    Spells: 3/7 levels left

rFire   . . .        k - +1 short sword (elec)
rCold   . . .        (no shield)
rNeg    . . .        a - +0 robe
rPois   .            (no helmet)
rElec   .            (no cloak)
rCorr   .            (no gloves)
SInv    .            e - +0 pair of boots
Will    .....        (no amulet)
Stlth   ++           (no ring)
HPRegen 0.24/turn    (no ring)
MPRegen 0.10/turn

%: no passive effects
@: weakened
A: sturdy frame 1
a: no special abilities


You were on level 2 of the Dungeon.
You visited 1 branch of the dungeon, and saw 3 of its levels.

You collected 106 gold pieces.

Inventory:

Hand Weapons
 k - a +1 short sword of electrocution (weapon)
Armour
 a - a +0 robe (worn)
 e - a +0 pair of boots (worn)
Scrolls
 d - a scroll of teleportation {unknown}
 g - a scroll of immolation {unknown}
 h - a scroll of amnesia {unknown}
 j - a scroll of identify {unknown}
 l - a scroll of blinking {unknown}
 m - a scroll of torment {unknown}
Potions
 b - a potion of magic
 f - 2 potions of curing {unknown}
 i - a potion of attraction {unknown}


   Skills:
 + Level 1.1 Fighting
 + Level 2.5 Dodging
 - Level 2.0 Stealth
 + Level 2.5 Spellcasting
 + Level 4.8 Necromancy


You had 3 spell levels left.
You knew the following spells:

 Your Spells              Type           Power      Damage    Failure   Level
a - Necrotise             Necr           72%        1d7       2%          1
b - Vampiric Draining     Necr           18%        2d7       8%          3

Your spell library contained the following spells:

 Spells                   Type           Power      Damage    Failure   Level
 Apportation              Tloc           4%         N/A       19%         1
 Sting                    Conj/Alch      8%         1d3       19%         1
 Summon Small Mammal      Summ           8%         N/A       19%         1
 Inner Flame              Hex/Fire       2%         N/A       50%         3
 Animate Dead             Necr           18%        N/A       26%         4
 Curse of Agony           Necr           18%        N/A       56%         5
 Flame Wave               Conj/Fire      2%         2d4       88%         4
 Sticky Flame             Fire/Alch      2%         2d4       88%         4


Dungeon Overview and Level Annotations

Branches:
Dungeon (3/15)

Altars:


Innate Abilities, Weirdness & Mutations

Your movements are slightly less encumbered by armour. (ER -2)


Message History

There is a stone staircase leading down here.
Casting: Necrotise (safe; 2% risk of failure)
Confirm with . or Enter, or press ? or * to list all spells.
Okay, then.
Casting: Vampiric Draining (quite dangerous; 8% risk of failure)
Confirm with . or Enter, or press ? or * to list all spells.
Aiming: Necrotise (safe; 2% risk of failure)
Press: ? - help, Shift-Dir - straight line, f - gnoll bouda
Aim: a gnoll bouda, wielding a +0 whip and wearing a +0 leather armour (chance to affect: 76%)
The gnoll bouda writhes in agony.
The gnoll bouda hits you with a +0 whip.
Casting: Necrotise (safe; 2% risk of failure)
Confirm with . or Enter, or press ? or * to list all spells.
Aiming: Necrotise (safe; 2% risk of failure)
Press: ? - help, Shift-Dir - straight line, f/p - gnoll bouda
Aim: a gnoll bouda, wielding a +0 whip and wearing a +0 leather armour (lightly wounded, chance to affect: 76%)
The gnoll bouda writhes in agony!
The gnoll bouda gazes fiercely through you!
You feel your attacks grow feeble.
The gnoll bouda hits you with a +0 whip.
Casting: Necrotise (safe; 2% risk of failure)
Confirm with . or Enter, or press ? or * to list all spells.
Aiming: Necrotise (safe; 2% risk of failure)
Press: ? - help, Shift-Dir - straight line, f/p - gnoll bouda
Aim: a gnoll bouda, wielding a +0 whip and wearing a +0 leather armour (heavily wounded, chance to affect: 76%)
The gnoll bouda writhes in agony.
The gnoll bouda mumbles some strange prayers to its god.
The gnoll bouda is healed somewhat.
Casting: Necrotise (safe; 2% risk of failure)
Confirm with . or Enter, or press ? or * to list all spells.
Aiming: Necrotise (safe; 2% risk of failure)
Press: ? - help, Shift-Dir - straight line, f/p - gnoll bouda
Aim: a gnoll bouda, wielding a +0 whip and wearing a +0 leather armour (heavily wounded, chance to affect: 76%)
The gnoll bouda writhes in agony.
The gnoll bouda hits you with a +0 whip!
* * * LOW HITPOINT WARNING * * *
You hit the gnoll bouda but do no damage.
The gnoll bouda is severely wounded.
The gnoll bouda hits you with a +0 whip!
You die...

########### ###.........#
########...........#
#####......g@#.........#
##≈≈≈≈)###########.######
#....≈.# ###..#
#.≈≈≈≈.########...##
###....###...........#
#....### #.#.........#
##.#### ##.#.........#
...#######..#.........#
..###......######.#######


You could see a gnoll bouda.

Vanquished Creatures
  An adder (D:2)
  A dart slug (D:1)
  3 ball pythons (D:1)
  5 bats
  4 endoplasms
  5 giant cockroaches
  A goblin (D:1)
  3 hobgoblins (D:1)
  3 jackals (D:1)
  3 quokkas
  2 frilled lizards
  3 kobolds
  7 rats
41 creatures vanquished.

Vanquished Creatures (collateral kills)
  An endoplasm (D:1)
  A jackal (D:1)
  A kobold (D:1)
3 creatures vanquished.

Grand Total: 44 creatures vanquished

Notes
Turn   | Place    | Note
-------+----------+-------------------------------------------
     0 | D:1      | PaiMei the Demonspawn Necromancer began the quest for the
                  | Orb.
     0 | D:1      | Reached XP level 1. HP: 13/13 MP: 3/3
   223 | D:1      | Gained mutation: Your movements are slightly less
                  | encumbered by armour. (ER -2) [demonic ancestry]
   223 | D:1      | Reached XP level 2. HP: 11/19 MP: 1/5
   801 | D:1      | Reached XP level 3. HP: 25/25 MP: 3/6
   805 | D:1      | Learned a level 3 spell: Vampiric Draining
  1415 | D:2      | Reached skill level 1 in Fighting
  1971 | D:2      | Slain by a gnoll bouda

Illustrated notes

Levels and vault maps discovered:
D:1:      minmay_arrival_split_and_join, layout_loops_ring
D:2:      layout_rooms, chequers_serial_rivers_micro_d,
          minmay_large_rounded_square
D:3:      layout_rooms, mainiacjoe_overflow_alcove_4,
          dreamdust_ecumenical_altar_grove

Skill      XL: |  1  2  3 |
---------------+----------+-----
Stealth        | 2 |  2.0
Dodging        | 2 |  2.5
Fighting       | 1 |  1.1
Spellcasting   | |  2.5
Necromancy     | |  4.8

Action                     || total
---------------------------++-------
  Melee: War axe           ||    50
         Punch             ||     1
         Short sword       ||     1
   Cast: Necrotise         ||    62
 Armour: Robe              ||    64
  Dodge: Dodged            ||    57
